 Dungeon Crawl Stone Soup version 0.23.0-3-gf3c87f2 (webtiles) character file.

Game seed: 15641194583087360636

217 Inarius the Skirmisher (level 5, 0/43 HPs)
             Began as a Mummy Wanderer on Feb 21, 2019.
             Killed from afar by an orc wizard (7 damage)
             ... with a magic dart
             ... on level 3 of the Dungeon.
             The game lasted 00:04:16 (2898 turns).

Inarius the Skirmisher (Mummy Wanderer)             Turns: 2898, Time: 00:04:18

Health: 0/43       AC: 10    Str: 17    XL:     5   Next: 62%
Magic:  5/5        EV:  7    Int: 11    God:
Gold:   102        SH:  0    Dex: 11    Spells: 4/4 levels left

rFire    x . .     SeeInvis .   c - +0 hand axe
rCold    + . .     Gourm    .   (no shield)
rNeg     + + +     Faith    .   j - +0 chain mail
rPois    ∞         Spirit   .   (no helmet)
rElec    .         Reflect  .   (no cloak)
rCorr    .         Harm     .   b - +0 pair of gloves
MR       .....                  (no boots)
Stlth    ..........             (no amulet)
HPRegen  0.14/turn              (no ring)
MPRegen  0.09/turn              (no ring)

@: no status effects
A: no food or potions, fire vulnerability, cold resistance 1, negative energy
resistance 3, torment resistance, unbreathing
a: no special abilities


You were on level 3 of the Dungeon.
You were not hungry.

You visited 1 branch of the dungeon, and saw 3 of its levels.

You collected 102 gold pieces.

Inventory:

Hand Weapons
 a - a +2 mace
 c - a +0 hand axe (weapon)
Armour
 b - a +0 pair of gloves (worn)
 j - a +0 chain mail (worn)
Scrolls
 d - a scroll of remove curse
 e - a scroll of identify {unknown}
 g - 2 scrolls of fog {unknown}
 h - a scroll of random uselessness {unknown}
 i - a scroll of enchant armour {unknown}


   Skills:
 + Level 4.8 Fighting
 * Level 3.1(3.2) Axes
 - Level 1.0(2.2) Maces & Flails
 + Level 3.0 Armour
 + Level 0.9 Dodging
 + Level 0.1 Stealth
   Level 1.5 Shields


You had 4 spell levels left.
You didn't know any spells.
Your spell library was empty.

Dungeon Overview and Level Annotations

Branches:
Dungeon (3/15)

Altars:
Nemelex Xobeh

Annotations:
D:2 Sigmund


Innate Abilities, Weirdness & Mutations

You do not eat or drink.
Your flesh is vulnerable to fire.
You are immune to poison.
Your flesh is cold resistant. (rC+)
You are immune to negative energy. (rN+++)
You are immune to unholy pain and torment.
You can survive without breathing.


Message History

You hear some strange, mumbled words.
Something tries to affect you, but you resist.
You closely miss something. Something hits you but does no damage.
You miss something. Something hits you.
* * * LOW HITPOINT WARNING * * *
You closely miss something. Something hits you but does no damage.
You miss something. Something hits you but does no damage.
Your chain mail prevents you from hitting something.
Something hits you but does no damage.
Your chain mail prevents you from hitting something.
Something completely misses you.
You miss something.
Something hits you but does no damage. x2
You miss something. Something hits you but does no damage.
You miss something. Something hits you but does no damage.
You barely miss something. Something hits you but does no damage.
You miss something.
You hear some strange, mumbled words.
A magic dart appears from out of thin air!
The magic dart hits you!
You die...

.. #.# #.# .# #.# .#
##########.# .#
..>....@##.##>#
#.....{.......##
#.#####........#####
..........†.......
########.).#.###
.........# #
.#########..#
......†.....#
#########...#


There were no monsters in sight!

Vanquished Creatures
  A jelly (D:3)
  An orc priest (D:3)
  Terence (D:2)
  7 adders
  An ooze (D:1)
  3 dart slugs
  A leopard gecko (D:3)
  3 orcs (D:3)
  5 giant cockroaches
  6 goblins
  2 hobgoblins (D:2)
  5 jackals
  2 quokkas
  7 bats
  4 frilled lizards
  4 kobolds
  3 rats
56 creatures vanquished.

Notes
Turn   | Place    | Note
-------+----------+-------------------------------------------
     0 | D:1      | Inarius the Mummy Wanderer began the quest for the Orb.
     0 | D:1      | Inarius set off with the following items: a +2 mace, 2
                  | scrolls of teleportation, a +0 robe
     0 | D:1      | Reached XP level 1. HP: 19/19 MP: 1/1
   202 | D:1      | Reached XP level 2. HP: 15/26 MP: 2/2
   812 | D:1      | Found a sparkling altar of Nemelex Xobeh.
   957 | D:2      | Reached XP level 3. HP: 31/31 MP: 3/3
   962 | D:2      | Noticed Sigmund
  1022 | D:2      | Noticed Terence
  1331 | D:2      | Reached skill level 1 in Axes
  1660 | D:2      | Killed Terence
  1660 | D:2      | Reached XP level 4. HP: 4/38 MP: 4/4
  2735 | D:3      | Reached XP level 5. HP: 28/43 MP: 5/5
  2898 | D:3      | Killed from afar by an orc wizard

Skill      XL: |  1  2  3  4  5 |
---------------+----------------+-----
Axes           | 1 2 3 |  3.1
Armour         | 3 |  3.0
Fighting       | |  4.8
Maces & Flails | |  1.0
Dodging        | |  0.9
Stealth        | |  0.1
Shields        | |  1.5

Action                   |  1- 3 |  4- 6 || total
-------------------------+-------+-------++-------
Melee: Mace              |    37 |       ||    37
       Hand axe          |   107 |   119 ||   226
  Use: Scroll            |     1 |     4 ||     5
Armor: Robe              |     6 |       ||     6
       Scale mail        |    75 |       ||    75
       Chain mail        |       |   145 ||   145
Dodge: Dodged            |    99 |    59 ||   158
